 Dungeon Crawl Stone Soup version 0.31-a0-1499-ge0622b2318 (webtiles) character file.

Game seed: 1855209643349304555

3405 dialectric the Changeling (level 9, -5/88 HPs)
             Began as a Troll Shapeshifter on Dec 29, 2023.
             Was a High Priest of Okawaru.
             Slain by an ogre
             ... wielding a +0 giant club
              (23 damage)
             ... on level 7 of the Dungeon.
             The game lasted 00:09:14 (4644 turns).

dialectric the Changeling (Troll Shapeshifter)      Turns: 4644, Time: 00:09:15

Health: -5/88      AC:  8    Str: 26    XL:     9   Next: 75%
Magic:  8/8        EV: 12    Int: 12    God:    Okawaru [*****.]
Gold:   280        SH:  0    Dex: 17    Spells: 8/8 levels left

rFire   . . .        I - +9 spear of the Mind {heavy, Int+6}
rCold   . . .        (no shield)
rNeg    . . .        a - +0 animal skin
rPois   .            (helmet currently unavailable)
rElec   .            (cloak currently unavailable)
rCorr   .            (gloves unavailable)
SInv    .            (boots unavailable)
Will    .....        y - amulet of regeneration
Stlth   ++           n - +6 ring of dexterity
HPRegen 1.94/turn    z - +4 ring of protection
MPRegen 0.11/turn

%: no passive effects
@: beast-form
A: beast (slay +4), large, unfitting armour, claws 3, regeneration 1, shaggy fur
1, tough skin 1
a: Begin Untransformation, Renounce Religion, Heroism, Finesse, Duel


You were on level 7 of the Dungeon.
You worshipped Okawaru.
Okawaru was extremely pleased with you.
You were a hulking beast.
You visited 1 branch of the dungeon, and saw 7 of its levels.
You also visited: Sewer.

You collected 350 gold pieces.
You spent 70 gold pieces at shops.

Inventory:

Hand Weapons
 F - a +2 quarterstaff of chaos
 I - the +9 spear of the Mind (weapon) {heavy, Int+6}
   (You found it on level 5 of the Dungeon)

   Int+6:     It affects your intelligence (+6).
 M - a +2 flail of protection
Missiles
 g - 2 datura-tipped darts
 A - a curare-tipped dart
 K - 2 throwing nets
Armour
 a - a +0 animal skin (worn)
 G - a +0 cloak
 O - a +3 kite shield
Jewellery
 n - a +6 ring of dexterity (left claw)
 r - a ring of willpower
 y - an amulet of regeneration (around neck)
 z - a +4 ring of protection (right claw)
Talismans
 c - a beast talisman
 d - a flux talisman
Wands
 t - a wand of flame (26)
 E - a wand of iceblast (9)
 H - a wand of polymorph (4)
Scrolls
 e - 8 scrolls of identify {unknown}
 f - 2 scrolls of blinking {unknown}
 j - 2 scrolls of immolation {unknown}
 k - a scroll of fear
 l - 3 scrolls of poison {unknown}
 m - a scroll of torment {unknown}
 o - a scroll of amnesia {unknown}
 q - a scroll of brand weapon {unknown}
 s - a scroll of enchant armour
 u - a scroll of fog {unknown}
 w - a scroll of enchant weapon {unknown}
 N - a scroll of summoning {unknown}
Potions
 b - 3 potions of lignification
 h - 4 potions of curing
 i - 3 potions of degeneration {unknown}
 p - a potion of brilliance {unknown}
 v - a potion of invisibility {unknown}
 x - a potion of might {unknown}
 B - 2 potions of enlightenment
 C - 2 potions of haste {unknown}
 J - a potion of attraction {unknown}
 L - a potion of mutation {unknown}


   Skills:
 + Level 5.1 Fighting
 + Level 3.1 Polearms
 + Level 4.7 Armour
 + Level 5.3 Dodging
 + Level 0.0 Shields
 - Level 5.0 Unarmed Combat
 + Level 7.1 Shapeshifting


You had 8 spell levels left.
You didn't know any spells.
Your spell library contained the following spells:

 Spells                   Type           Power      Damage    Failure   Level
 Kiss of Death            Conj/Necr      0%         2d5       32%         1
 Confusing Touch          Hex            0%         N/A       69%         3
 Dispel Undead            Necr           0%         3d6       97%         4


Dungeon Overview and Level Annotations

Branches:
Dungeon (7/15)             Temple (0/1) D:4           Sewer (visited)

Altars:
Okawaru
The Shining One

Shops:
D:3 !


Innate Abilities, Weirdness & Mutations

You are a hulking beast.
Your limbs bulge with bestial killing power. (Slay +4)
You are too large for most types of armour.
You have claws for hands.
Your natural rate of healing is unusually fast.
You are covered in fur. (AC +1)
You have tough skin. (AC +1)


Message History

The gargoyle is unaffected.
The orc looks frightened!
The hound looks frightened!
The slime creature looks frightened!
The centaur looks frightened!
It was a scroll of fear.
The gargoyle hurls a stone arrow at you.
The stone arrow misses you.
Okay, then.
The centaur begs, "Please don't kill me!"
The gargoyle hurls a stone arrow at you.
The stone arrow hits you!!
* * * LOW HITPOINT WARNING * * *
An orc comes into view. It is wielding a +0 club.
The orc shouts!
The gargoyle hurls a stone arrow at you.
The stone arrow misses you.
You feel better.
Cornered, the centaur turns to fight!
The orc nearly stumbles in trying to escape.
An ogre comes into view. It is wielding a +0 giant club.
Cornered, the hound turns to fight!
Unknown command.
The centaur wields a +0 orcbow.
The centaur shoots an arrow.
The arrow hits you!
* * * LOW HITPOINT WARNING * * *
The ogre shouts!
The slime creature seems to regain its courage.
You puncture the orc!
You kill the orc!
Okawaru accepts your kill. The slime creature misses you.
Unknown command.
Unknown command.
The slime creature hits you.
* * * LOW HITPOINT WARNING * * *
The ogre barely misses you.
Things that are here:
a +0 club; an orc corpse The centaur shoots an arrow.
The arrow barely misses you.
The slime creature attacks as it pursues you!
The slime creature completely misses you.
The ogre hits you with a +0 giant club!!
You die...

### .<. ..#.. .. ..#.# ###
.. ..#.# ###.#. . #.#.#
##### ###...##.#.#.#.###...
###......#...#.#.#.#.##
###....c#h.##....#.#....##
#.....# #.O.##.#..........
###.C### ##J.##..<#)#....##
###)'...# #c9.#..........†.
###...##c.##
###h.##..#.####...
###......#..9#+#.....######
####
#.....#..##..#..9..####
####
##..###...#..h...###..#
#.). #..)###..##oc.###....#
######.))


You could see a slime creature, a gargoyle, an ogre, a centaur and a hound.

Vanquished Creatures
  Grinder (D:5)
  Sigmund (D:5)
  A wyvern (D:7)
  Eustachio (D:3)
  Edmund (D:6)
  2 water moccasins
  An orc warrior (D:7)
  An ice beast (D:7)
  A black bear (D:6)
  2 centaurs
  2 phantoms
  Blork the orc (D:5)
  2 kobold brigands
  3 bullfrogs
  A gnoll sergeant (D:7)
  2 scorpions
  8 wights
  A howler monkey (D:6)
  2 bombardier beetles (D:4)
  2 hounds (D:4)
  A jelly (D:7)
  4 orc priests
  Crazy Yiuf (D:4)
  An iguana (D:6)
  Jessica (D:3)
  Ijyb (D:5)
  Terence (D:3)
  Natasha (thrice) (D:3)
  An orc wizard (D:5)
  Robin (D:3)
  7 gnolls
  6 adders
  3 shadow imps
  2 white imps (D:7)
  3 ufetubi (D:6)
  A dart slug (D:5)
  15 orcs
  14 ball pythons
  2 bats
  3 endoplasms
  6 giant cockroaches
  9 goblins
  7 hobgoblins
  6 jackals
  18 kobolds
  5 quokkas
  A frilled lizard (D:1)
  7 rats
166 creatures vanquished.

Notes
Turn   | Place    | Note
-------+----------+-------------------------------------------
     0 | D:1      | dialectric the Troll Shapeshifter began the quest for the
                  | Orb.
     0 | D:1      | Reached XP level 1. HP: 18/18 MP: 0/0
   176 | D:1      | Reached skill level 1 in Fighting
   189 | D:1      | Found a faded altar of an unknown god.
   194 | D:1      | Reached XP level 2. HP: 27/27 MP: 1/1
   199 | D:1      | Prayed at the altar of an unknown god.
   199 | D:1      | Became a worshipper of Warmaster Okawaru
   199 | D:1      | Reached * piety under Okawaru
   355 | D:1      | Reached XP level 3. HP: 33/33 MP: 2/2
  1515 | D:3      | Noticed Natasha
  1522 | D:3      | Killed Natasha
  1523 | D:3      | Reached XP level 4. HP: 40/42 MP: 3/3
  1534 | D:3      | Noticed Natasha
  1566 | D:3      | Noticed Robin
  1571 | D:3      | Found Tusma's Distillery.
  1602 | D:3      | Killed Robin
  1611 | D:3      | Killed Natasha
  1612 | D:3      | Reached skill level 1 in Armour
  1612 | D:3      | Reached XP level 5. HP: 34/49 MP: 4/4
  1629 | D:3      | Bought a potion of heal wounds for 70 gold pieces
  1638 | D:3      | Noticed Jessica
  1645 | D:3      | Killed Jessica
  1645 | D:3      | Reached ** piety under Okawaru
  1684 | D:3      | Noticed Natasha
  1694 | D:3      | Killed Natasha
  1853 | D:3      | Reached XP level 6. HP: 56/57 MP: 5/5
  1902 | D:3      | Found a glowing drain.
  1992 | Sewer    | Entered a sewer
  2077 | Sewer    | Reached skill level 4 in Shapeshifting
  2101 | Sewer    | Found a white marble altar of Elyvilon.
  2293 | D:3      | Noticed Terence
  2303 | D:3      | Killed Terence
  2471 | D:4      | Found a staircase to the Ecumenical Temple.
  2607 | D:4      | Noticed Eustachio
  2612 | D:4      | Reached XP level 7. HP: 66/66 MP: 6/6
  2635 | D:3      | Killed Eustachio
  2679 | D:4      | Reached *** piety under Okawaru
  2828 | D:4      | Found a runed translucent door.
  2829 | D:4      | Noticed Crazy Yiuf
  3025 | D:4      | Killed Crazy Yiuf
  3026 | D:4      | Reached skill level 5 in Shapeshifting
  3095 | D:5      | Entered Level 5 of the Dungeon
  3130 | D:5      | Noticed Sigmund
  3138 | D:5      | Noticed Ijyb
  3141 | D:5      | Noticed Blork the orc
  3149 | D:5      | Killed Ijyb
  3154 | D:5      | Killed Blork the orc
  3204 | D:5      | Identified the +9 spear of the Mind {heavy, Int+6}
  3228 | D:5      | Noticed Grinder
  3235 | D:5      | Killed Grinder
  3236 | D:5      | Reached skill level 5 in Unarmed Combat
  3236 | D:5      | Reached XP level 8. HP: 74/75 MP: 7/7
  3403 | D:5      | Reached skill level 6 in Shapeshifting
  3440 | D:5      | Reached **** piety under Okawaru
  3649 | D:5      | Reached skill level 1 in Polearms
  3652 | D:5      | Killed Sigmund
  3718 | D:6      | Reached XP level 9. HP: 84/84 MP: 8/8
  3730 | D:6      | Found a glowing golden altar of the Shining One.
  3738 | D:6      | Found an iron altar of Okawaru.
  3801 | D:6      | Reached skill level 7 in Shapeshifting
  4024 | D:6      | Noticed Edmund
  4033 | D:6      | Killed Edmund
  4473 | D:7      | Reached ***** piety under Okawaru
  4474 | D:7      | Reached skill level 5 in Dodging
  4574 | D:7      | Reached skill level 5 in Fighting
  4618 | D:7      | Noticed a gargoyle
  4619 | D:7      | Noticed a cyclops
  4644 | D:7      | Slain by an ogre

Illustrated notes

Levels and vault maps discovered:
D:1:      spicycebolla_arrival_xxxplode, layout_basic,
          nicolae_ecumenical_snake_handling, columned_hall_lemuel
D:2:      layout_loops_ring, serial_forest, infiniplex_forest_lined_2,
          infiniplex_forest_clump_tiny, infiniplex_forest_fountain,
          infiniplex_forest_split, infiniplex_forest_clump_medium,
          infiniplex_forest_clump_double, infiniplex_forest_clump_double,
          infiniplex_forest_clump_curved
D:3:      layout_basic, portal_sewer_entry_f, serial_shops, shop, uniq_robin,
          uniq_jessica, uniq_terence, uniq_natasha
D:4:      layout_gridville, minmay_temple_entry_arrows, uniq_crazy_yiuf_cottage,
          uniq_eustachio
D:5:      layout_loops_cross, uniq_sigmund, uniq_blork_the_orc, uniq_ijyb,
          uniq_grinder
D:6:      layout_basic, jmf_multi_god_temple, serial_park_tiny_pond, uniq_edmund
D:7:      minmay_slanted_spiral_squares, layout_basic, gammafunk_ghost_smash

Skill      XL: |  1  2  3  4  5  6  7  8  9 |
---------------+----------------------------+-----
Fighting       | 1 2 3 4 5 |  5.1
Dodging        | 2 3 4 5 |  5.3
Armour         | 1 2 3 4 |  4.7
Unarmed Combat | 4 5 |  5.0
Shapeshifting  | 4 5 6 7 |  7.1
Polearms       | 1 3 |  3.1

Action                     |  1- 3 |  4- 6 |  7- 9 || total
---------------------------+-------+-------+-------++-------
  Melee: Unarmed           |    63 |   149 |   154 ||   366
         Punch             |     1 |     4 |    14 ||    19
         Spear             |       |       |    83 ||    83
    Use: Potion            |       |     1 |     2 ||     3
         Scroll            |       |       |     2 ||     2
   Stab: Sleeping          |     1 |     4 |       ||     5
 Armour: Animal skin       |    34 |   119 |   259 ||   412
  Dodge: Dodged            |    22 |    70 |   189 ||   281

Table legend: (Time is in decaauts)
 A = Elapsed time spent in this place.
 B = Non-inter-level travel time spent in this place.
 C = Inter-level travel time spent in this place.
 D = Time resting spent in this place.
 E = Time spent auto-exploring this place.
 F = Levels seen in this place.
 G = Mean time per level.
                   A        B        C        D        E       F      G
               +--------+--------+--------+--------+--------+-----+--------+
         Total |   4650 |   4423 |    227 |      0 |   3148 |   8 |  581.2 |
       Dungeon |   4500 |   4273 |    227 |      0 |   3052 |   7 |  642.9 |
         Sewer |    150 |    150 |      0 |      0 |     96 |   1 |  150.0 |
               +--------+--------+--------+--------+--------+-----+--------+

Top non-repeatable levels by time:
     D:2: 807 daAuts
     D:3: 790 daAuts
     D:6: 732 daAuts
     D:1: 723 daAuts
     D:5: 607 daAuts
     D:4: 604 daAuts
     D:7: 234 daAuts
   Sewer: 150 daAuts
